 Dungeon Crawl Stone Soup version 0.19.0-24-gb05acd6 (webtiles) character file.

1010 ChaseSP the Changer (level 8, 0/33 HPs)
             Began as a Vine Stalker Transmuter on Nov 22, 2016.
             Was a Follower of Hepliaklqana.
             Killed from afar by an orc wizard (4 damage)
             ... with a magic dart
             ... on level 6 of the Dungeon.
             The game lasted 00:17:09 (4056 turns).

ChaseSP the Changer (Vine Stalker Transmuter)       Turns: 4056, Time: 00:17:10

Health: 0/33       AC:  2    Str: 20    XL:     8   Next: 21%
Magic:  0/12       EV: 20    Int: 13    God:    Hepliaklqana [*.....]
Gold:   249        SH:  0    Dex: 15    Spells: 3 memorised, 2 levels left

rFire  . . .     SeeInvis .       - Unarmed
rCold  . . .     Gourm    .     (armour currently unavailable)
rNeg   . . .     Faith    +     (shield currently unavailable)
rPois  x         Spirit   +     (helmet currently unavailable)
rElec  +         Reflect  .     (cloak currently unavailable)
rCorr  .         Harm     .     (gloves currently unavailable)
MR     +....                    (boots currently unavailable)
Stlth  +.........               A - amulet "Racweg" {Faith rElec Str+5 Dex-5}
                                (no ring)
                                (no ring)

@: spider-form (expiring)
A: reduced essence, (fangs 0), regeneration 1, magic shield, (antimagic bite),
no device heal 3, rot immunity
a: End Transformation, Recall Ancestor, Ancestor Identity, Renounce Religion


You were on level 6 of the Dungeon.
You worshipped Hepliaklqana.
Hepliaklqana was aware of your devotion.
You were very hungry.
You were a venomous arachnid creature.
You visited 2 branches of the dungeon, and saw 7 of its levels.

You collected 249 gold pieces.

Inventory:

Missiles
 a - 61 arrows
 f - 6 poisoned javelins (quivered)
Armour
 i - a +0 leather armour of fire resistance
 m - a +0 pair of gloves (melded)
 p - a cursed +0 ring mail (melded)
 s - a +0 pair of boots (melded)
 w - a +0 cloak (melded)
 x - a +0 helmet (melded)
Jewellery
 n - an uncursed amulet of rage
 A - the amulet "Racweg" (around neck) {Faith rElec Str+5 Dex-5}
   (You found it on level 6 of the Dungeon)

   [amulet of faith]

   It allows you to gain divine favour quickly.
   It affects your strength (+5).
   It affects your dexterity (-5).
   It insulates you from electricity.
Wands
 y - a wand of flame (15/48)
Scrolls
 e - 2 scrolls of fog
 j - a scroll of teleportation
 k - a scroll of identify
 r - a scroll of amnesia
 u - 2 scrolls of magic mapping
Potions
 b - a potion of flight
 h - 2 potions of cancellation
 l - 2 potions of brilliance
 q - 3 potions of curing
 t - a potion of heal wounds
 z - a potion of experience {unknown}
Books
 c - a book of Changes

   Spells                             Type                      Level
   a - Beastly Appendage              Transmutation                1
   b - Sticks to Snakes               Transmutation                2
   c - Spider Form                    Transmutation/Poison         3
   d - Ice Form                       Ice/Transmutation            4
   e - Blade Hands                    Transmutation                5
Comestibles
 d - 5 bread rations
 g - 4 meat rations
 o - 5 fruits
 v - a royal jelly


   Skills:
 - Level 0.8 Fighting
 - Level 2.2 Dodging
 + Level 4.2 Unarmed Combat
 - Level 2.1 Spellcasting
 * Level 6.7 Transmutations
 * Level 2.3 Ice Magic
 - Level 3.6 Poison Magic
 - Level 2.3 Evocations


You had 2 spell levels left.
You knew the following spells:

 Your Spells              Type           Power        Failure   Level  Hunger
a - Ice Form              Ice/Tmut       ##......     61%         4    #####..
b - Sticks to Snakes      Tmut           ###.....     10%         2    ###....
c - Spider Form           Tmut/Pois      ##........   28%         3    ####...


Dungeon Overview and Level Annotations

Branches:
Dungeon (6/15)             Temple (1/1) D:4

Altars:
Cheibriados
Elyvilon
Gozag
Hepliaklqana
Makhleb
Nemelex Xobeh
Qazlal
Ru
Sif Muna
Uskayaw
Xom
Yredelemnul

Shops:
D:4 :


Innate Abilities, Weirdness & Mutations

((You have razor-sharp teeth.))
Your natural rate of healing is unusually fast.
When hurt, damage is shared between your health and your magic reserves.
((Your bite disrupts and absorbs the magic of your enemies.))
Potions and wands cannot restore your health.
You are immune to rotting.
Your life essence is reduced. (-10% HP)


Message History

The orc wizard hits Takurtum but does no damage.
Takurtum barely misses something.
The orc warrior hits Takurtum with a flail!
Takurtum hits something.
You hear some strange, mumbled words.
A puff of flame appears from out of thin air!
The puff of flame misses you.
Takurtum barely misses something.
Takurtum hits something but does no damage.
Takurtum barely misses something.
The orc wizard casts a spell at you. The magic dart hits you!
Takurtum hits the orc warrior.
Your transformation is almost over.
The orc wizard casts a spell at you. The puff of flame hits you!
* * * LOW HITPOINT WARNING * * *
The orc wizard gestures at you while chanting.
The magic dart hits you!
You die...

##### ##...###
#......## ..#
#.......## ..#
#........##..#
##....<....#..# ##
#..........#..## #.#
#........s..#..##..#
##.................#
#..............#.
#.............##
#.........^..##
#.........o..#
##.....(..{o##
#............##
#..##########R.##


You could see an orc warrior and an orc wizard.

Vanquished Creatures
  2 ogres
  2 orc wizards (D:6)
  A bullfrog skeleton (D:5)
  3 worker ants (D:4)
  A hound skeleton (D:6)
  Robin (D:4)
  4 adders
  A gnoll (D:6)
  3 oozes
  3 dart slugs
  2 leopard geckos
  6 orcs
  6 giant cockroaches
  12 goblins
  7 hobgoblins
  11 jackals
  A quokka (D:2)
  3 ball pythons
  2 bats
  5 frilled lizards
  A jackal skeleton (D:5)
  6 kobolds
  A quokka skeleton (D:4)
  5 rats
89 creatures vanquished.

Vanquished Creatures (collateral kills)
  A sky beast (D:5)
  The ghost of Shayle the Digger, an amateur DDEE (D:5)
  An ogre (D:4)
  A water moccasin zombie (D:4)
  A scorpion (D:4)
  A howler monkey (D:5)
  An orc wizard (D:5)
  An iguana (D:4)
  A worker ant (D:4)
  2 gnolls (D:6)
  An adder (D:5)
  4 orcs
  4 goblins (D:4)
  A hobgoblin (D:4)
  2 jackals (D:5)
  A frilled lizard (D:5)
  A leopard gecko skeleton (D:5)
25 creatures vanquished.

Vanquished Creatures (others)
  An ancestor (D:4)
1 creature vanquished.

Grand Total: 115 creatures vanquished

Notes
Turn   | Place    | Note
-------+----------+-------------------------------------------
     0 | D:1      | ChaseSP the Vine Stalker Transmuter began the quest for the Orb.
     0 | D:1      | Reached XP level 1. HP: 9/9 MP: 4/4
    73 | D:1      | Reached XP level 2. HP: 6/14 MP: 4/6
    77 | D:1      | Learned a level 2 spell: Sticks to Snakes
   314 | D:1      | Reached skill level 3 in Transmutations
   609 | D:2      | You fall through a shaft!
   799 | D:2      | Found a deep blue altar of Sif Muna.
   811 | D:2      | Reached XP level 3. HP: 15/17 MP: 4/7
   823 | D:2      | Learned a level 3 spell: Spider Form
  1589 | D:2      | Reached skill level 1 in Poison Magic
  1602 | D:2      | Found a stormy altar of Qazlal.
  1645 | D:2      | Found an opulent altar of Gozag.
  1678 | D:2      | Gained mutation: Your natural rate of healing is unusually fast. [Vine Stalker growth]
  1678 | D:2      | Reached XP level 4. HP: 21/21 MP: 6/8
  1693 | D:2      | Reached skill level 4 in Transmutations
  2449 | D:4      | Found a staircase to the Ecumenical Temple.
  2463 | D:4      | Reached XP level 5. HP: 25/25 MP: 5/9
  2466 | Temple   | Entered the Ecumenical Temple
  2623 | Temple   | Became a worshipper of Hepliaklqana the Forgotten
  2702 | D:4      | Noticed an ogre
  2712 | D:4      | Killed an ogre
  2712 | D:4      | Reached skill level 1 in Evocations
  2738 | D:4      | Found Guxzum's Book Boutique.
  2764 | D:4      | Reached XP level 6. HP: 20/26 MP: 8/10
  2837 | D:4      | Reached skill level 5 in Transmutations
  2904 | D:4      | Noticed Robin
  2922 | D:4      | Killed Robin
  3117 | D:4      | Reached XP level 7. HP: 21/28 MP: 5/11
  3317 | D:5      | Entered Level 5 of the Dungeon
  3327 | D:5      | Noticed Shayle's ghost (amateur DDEE)
  3338 | D:5      | Killed Shayle's ghost
  3351 | D:5      | Reached * piety under Hepliaklqana
  3495 | D:5      | Reached skill level 6 in Transmutations
  3566 | D:5      | Learned a level 4 spell: Ice Form
  3608 | D:5      | Reached skill level 1 in Ice Magic
  3635 | D:5      | Found a basalt altar of Yredelemnul.
  3767 | D:5      | Gained mutation: You have razor-sharp teeth. [Vine Stalker growth]
  3767 | D:5      | Reached XP level 8. HP: 31/33 MP: 12/12
  3814 | D:5      | Found a shimmering altar of Xom.
  3814 | D:5      | Found a snail-covered altar of Cheibriados.
  4005 | D:6      | Got a transparent lead amulet
  4007 | D:6      | Identified the amulet "Racweg" {Faith rElec Str+5 Dex-5} (You found it on level 6 of the Dungeon)
  4056 | D:6      | Killed from afar by an orc wizard

Skill      XL: |  1  2  3  4  5  6  7 |
---------------+----------------------+-----
Transmutations | 3 4 5 6 |  6.7
Poison Magic   | 1 2 3 |  3.6
Evocations     | 1 2 |  2.3
Dodging        | 2 |  2.2
Ice Magic      | 2 |  2.3
Unarmed Combat | 4 |  4.2
Fighting       | |  0.8
Spellcasting   | |  2.1

Action                   |  1- 3 |  4- 6 |  7- 9 || total
-------------------------+-------+-------+-------++-------
Melee: Unarmed           |   131 |   136 |    92 ||   359
       Bite              |    24 |    34 |    25 ||    83
       Kick              |     2 |       |       ||     2
       Headbutt          |     6 |     2 |       ||     8
       Punch             |     1 |     3 |     2 ||     6
 Cast: Beastly Appendage |     5 |     1 |       ||     6
       Spider Form       |       |     2 |     2 ||     4
       Sticks to Snakes  |       |     1 |       ||     1
Invok: Recall Ancestor   |       |       |     1 ||     1
Evoke: Wand              |       |       |     2 ||     2
  Use: Scroll            |       |     6 |     6 ||    12
 Stab: Sleeping          |     1 |       |       ||     1
       Distracted        |       |       |     1 ||     1
  Eat: Chunk             |     3 |     4 |     3 ||    10
Armor: Robe              |     4 |       |       ||     4
       Ring mail         |    30 |    45 |    39 ||   114
       Skin              |       |     1 |       ||     1
Dodge: Dodged            |    76 |    79 |    48 ||   203
